 Dungeon Crawl Stone Soup version 0.20.1-1-g8b1a95d (webtiles) character file.

129 Internecine the Bolt Thrower (level 4, 0/37 HPs)
             Began as a Draconian Hunter on Sept 30, 2017.
             Killed from afar by Terence (6 damage)
             ... with a wand of lightning (?/15)
             ... on level 3 of the Dungeon.
             The game lasted 00:17:12 (2363 turns).

Internecine the Bolt Thrower (Draconian Hunter)     Turns: 2363, Time: 00:17:13

Health: 0/37       AC:  6    Str: 15    XL:     4   Next: 88%
Magic:  4/4        EV: 12    Int: 11    God:
Gold:   162        SH:  0    Dex: 12    Spells: 3/3 levels left

rFire    . . .     SeeInvis .   b - +0 short sword
rCold    . . .     Gourm    .   (no shield)
rNeg     . . .     Faith    .   (armour unavailable)
rPois    .         Spirit   .   (helmet restricted)
rElec    .         Reflect  .   s - +0 cloak
rCorr    .         Harm     .   (no gloves)
MR       .....                  (no boots)
Stlth    +++.......             (no amulet)
Regen    0.2/turn               r - ring of stealth
MPRegen  0.1/turn               (no ring)

@: lethally poisoned (0 -> -11)
A: unfitting armour, cold-blooded, AC +5
a: no special abilities


You were on level 3 of the Dungeon.
You were not hungry.

You visited 1 branch of the dungeon, and saw 3 of its levels.

You collected 162 gold pieces.

Inventory:

Hand Weapons
 a - a +1 hand crossbow
 b - a +0 short sword (weapon)
 l - a +0 hand axe
 v - a +0 hunting sling
 x - a +0 flail
 A - a +0 quarterstaff
 B - a +0 rapier
Missiles
 j - 27 stones (quivered)
 t - 19 arrows
Armour
 e - a +0 cloak
 s - a +0 cloak (worn)
Jewellery
 r - a ring of stealth (left hand)
Scrolls
 g - 2 scrolls of random uselessness {unknown}
 i - a scroll of teleportation {unknown}
 k - 2 scrolls of noise {unknown}
 p - a scroll of remove curse {unknown}
 u - a scroll of enchant armour {unknown}
 w - a scroll of fear {unknown}
 y - 2 scrolls of immolation {unknown}
 z - 2 scrolls of identify {unknown}
Potions
 f - 4 potions of heal wounds {unknown}
 n - 3 potions of curing {unknown}
 q - a potion of brilliance {unknown}
Comestibles
 d - 3 bread rations
 h - 2 chunks of flesh
 m - 2 royal jellies
 o - 4 fruits


   Skills:
 + Level 2.7 Fighting
 + Level 1.0 Short Blades
 + Level 5.1 Crossbows
 + Level 2.1 Dodging
 + Level 1.3 Stealth


You had 3 spell levels left.
You didn't know any spells.

Dungeon Overview and Level Annotations

Branches:
Dungeon (3/15)

Altars:

Annotations:
D:3 Terence


Innate Abilities, Weirdness & Mutations

Your plain brown scales are hard. (AC +5)
You cannot fit into any form of body armour.
You are cold-blooded and may be slowed by cold attacks.


Message History

Terence shouts, "Now you die!" Terence closely misses you.
Terence hits you with a trident of venom!
* * * LOW HITPOINT WARNING * * *
You are lethally poisoned!
Found a blue potion.
You closely miss Terence.
You tail-slap Terence, but do no damage.
Terence is lightly wounded.
* * * LOW HITPOINT WARNING * * *
You feel sick. Terence barely misses you.
You hit Terence.
Your tail-slap misses Terence.
Terence is lightly wounded.
* * * LOW HITPOINT WARNING * * *
You feel sick. Terence barely misses you.
You hit Terence.
Terence is moderately wounded.
* * * LOW HITPOINT WARNING * * *
You feel sick.
Terence zaps a wand.
The bolt of lightning hits you!
You die...

.......# #.....#
######.# #.....### #.#
#.....#.' ######.#
#.....#.# ..##...#
#.....#.# # #
#.##.#####.....#.# .#.#
#.##.....'.....#.# .....
#.########.....#.#)..#..
#.....#........(@@).)((!
####.###.......#.#.(....
...#.###..#....#.# #..(.
....) ##.#......####.#.#
... ... #...........#!#
# .... ##....#####.#.#
... #....# #.#.#
#####+##.# #....# #.#..
>.......# #....#
#......#


You could see Terence.

Vanquished Creatures
  An orc wizard (D:3)
  2 adders
  2 oozes
  2 worms (D:3)
  4 leopard geckos
  3 orcs (D:3)
  A ball python (D:2)
  8 bats
  A giant cockroach (D:3)
  9 goblins
  5 hobgoblins
  11 kobolds
  2 quokkas (D:2)
  4 frilled lizards
  4 rats
59 creatures vanquished.

Vanquished Creatures (others)
  A rat (D:3)
1 creature vanquished.

Grand Total: 60 creatures vanquished

Notes
Turn   | Place    | Note
-------+----------+-------------------------------------------
     0 | D:1      | Internecine the Draconian Hunter began the quest for the Orb.
     0 | D:1      | Reached XP level 1. HP: 17/17 MP: 1/1
   187 | D:1      | Reached XP level 2. HP: 24/24 MP: 2/2
   385 | D:1      | Reached skill level 4 in Crossbows
   923 | D:2      | Reached XP level 3. HP: 29/29 MP: 3/3
  1835 | D:3      | Reached skill level 1 in Stealth
  1841 | D:3      | Found a faded altar of an unknown god.
  1858 | D:3      | Reached XP level 4. HP: 37/37 MP: 4/4
  2068 | D:3      | Reached skill level 1 in Short Blades
  2125 | D:3      | Reached skill level 5 in Crossbows
  2349 | D:3      | Noticed Terence
  2363 | D:3      | Killed from afar by Terence

Skill      XL: |  1  2  3  4 |
---------------+-------------+-----
Dodging        | 2 |  2.1
Crossbows      | 4 5 |  5.1
Stealth        | 1 |  1.3
Short Blades   | 1 |  1.0
Fighting       | |  2.7

Action                   |  1- 3 |  4- 6 || total
-------------------------+-------+-------++-------
Melee: Short sword       |    30 |     3 ||    33
       Hand axe          |     4 |       ||     4
       Tailslap          |     1 |     1 ||     2
 Fire: Hand crossbow     |    81 |    31 ||   112
       Hunting sling     |       |    10 ||    10
Throw: Stone             |       |     2 ||     2
  Eat: Chunk             |     2 |     2 ||     4
Armor: Skin              |    17 |     1 ||    18
Dodge: Dodged            |    45 |    10 ||    55
